 Dungeon Sprint DCSS version 0.24-a0-370-g78e9d4e317 (webtiles) character file.

Game seed: 10970803458147918785

10200000 Hercules1031 the Invulnerable (level 27, -16/298 HPs)
             Began as a Deep Dwarf Warper on May 30, 2019.
             Was the Champion of Makhleb.
             Killed by the air
             ... invoked by a tyrant
              (37 damage)
             ... in the Dungeon (Sprint VIII: "Arena of Blood").
             The game lasted 00:06:35 (102 turns).

Hercules1031 the Invulnerable (Deep Dwarf Warper)    Turns: 102, Time: 00:06:36

Health: -16/298    AC:  6    Str: 17    XL:     27
Magic:  39/53      EV: 35    Int: 16    God:    Makhleb [******]
Gold:   0          SH:  0    Dex: 21    Spells: 80/80 levels left

rFire    + . .     SeeInvis .   c - +∞ Axe of Woe
rCold    . . .     Gourm    .   (shield currently unavailable)
rNeg     + . .     Faith    .   b - +0 leather armour
rPois    .         Spirit   .   (no helmet)
rElec    .         Reflect  .   (no cloak)
rCorr    .         Harm     .   (no gloves)
MR       ++++.     NoTele   +   (no boots)
Stlth    +++++++++.             (no amulet)
HPRegen  0.00/turn              l - ring of protection from fire
MPRegen  0.33/turn              (no ring)

@: non-regenerating
A: damage resistance, heal wounds, negative energy resistance 1, sense
surroundings 3, no regeneration
a: Heal Wounds, Minor Destruction, Lesser Servant of Makhleb, Major Destruction,
Greater Servant of Makhleb, Renounce Religion


You were in the Dungeon.
You worshipped Makhleb.
Makhleb was exalted by your worship.
You were not hungry.

You visited 1 branch

Inventory:

Hand Weapons
 a - a +0 hand axe
 c - the +∞ Axe of Woe (weapon)
   (You found it in the Dungeon)
Missiles
 e - 5 boomerangs of dispersal (quivered)
Armour
 b - a +0 leather armour (worn)
Jewellery
 l - a ring of protection from fire (left hand)
Scrolls
 d - a scroll of blinking
Potions
 g - a potion of curing
 h - a potion of heal wounds
 i - a potion of haste
 j - 2 potions of magic
 k - a potion of berserk rage
Comestibles
 f - a ration


   Skills:
 O Level 27 Fighting
 O Level 27 Axes
 O Level 27 Throwing
 O Level 27 Armour
 O Level 27 Dodging
 O Level 27 Stealth
 O Level 27 Unarmed Combat
 O Level 27 Spellcasting
   Level 3.2 Translocations
 O Level 27 Invocations


You had 80 spell levels left.
You didn't know any spells.
Your spell library contained the following spells:

 Spells                   Type           Power        Failure   Level  Hunger
 Blink                    Tloc           N/A          1%          2    None
 Shroud of Golubria       Chrm/Tloc      ####......   1%          2    None
 Gell's Gravitas          Tloc           ####......   1%          3    None
 Lesser Beckoning         Tloc           ####......   1%          3    None
 Teleport Other           Tloc           ####....     1%          3    None
 Passage of Golubria      Tloc           N/A          4%          4    None


Dungeon Overview and Level Annotations

Branches:
Dungeon (1/1)

Altars:
Makhleb


Innate Abilities, Weirdness & Mutations

You are resistant to damage.
You can heal yourself by infusing magical energy.
You resist negative energy. (rN+)
You passively map a large area around you.
You do not regenerate.


Message History

You hear a shout!
The tyrant mumbles some strange words.
Unknown command.
Unknown command.
Unknown command.
You feel much better.
You are engulfed in blazing flames.
You resist.
* * * LOW HITPOINT WARNING * * *
You hear a shout! x7
The eight-headed meat hydra calls on the powers of darkness!
The eight-headed meat hydra convulses!
Your body is wracked with pain!
* * * LOW HITPOINT WARNING * * *
The eight-headed meat hydra convulses! x3
The eight-headed meat hydra calls on the powers of darkness!
The eight-headed meat hydra convulses!
Your body is wracked with pain!
* * * LOW HITPOINT WARNING * * *
The tyrant gestures wildly while chanting.
The tyrant seems to speed up.
The tyrant waves its bony arms in wide circles.
The air twists around and strikes you!
You die...

#.....###§. , ,
#....#....., ,
#.....%..#L ,.
#..%.X.L..#.. .....#
#....X.......#....,#
#))X.L....#......###
#%%DX#..............
#))).##.o.....#.....
#)§@§D#.....#.......
#)§)☼..###oo..§.....
#)§§))##.)oo#)..o..)
#....#)))○oo..#.).).
#.%.D#)))§ooV......o
#................###
#%%...o............#
#..................#
#.........#.........


You could see 2 tentacled monstrosities, 2 tyrants, 3 eight-headed meat hydras
and 2 large abominations.

Vanquished Creatures
  3 hell beasts (D)
  A greater mummy (D)
  2 wraiths (D)
  11 vampire knights (D)
  26 ogres (D)
  8 two-headed ogres (D)
  3 liches (D)
  A hydra (D)
  57 orcs (D)
  4 phantoms (D)
  4 skeletal warriors (D)
  6 small abominations (D)
  8 large abominations (D)
  7 crawling corpses (D)
141 creatures vanquished.

Vanquished Creatures (others)
  3 orcs (D)
  3 crawling corpses (D)
6 creatures vanquished.

Grand Total: 147 creatures vanquished

Notes
Turn   | Place    | Note
-------+----------+-------------------------------------------
     0 | D        | Found the +∞ Axe of Woe
     0 | D        | Hercules1031 the Deep Dwarf Warper began the quest for the
                  | Orb.
     0 | D        | Reached XP level 1. HP: 19/19 MP: 3/3
     4 | D        | Became a worshipper of Makhleb the Destroyer
     5 | D        | Noticed a meat berserker
     5 | D        | Noticed a meat berserker
     6 | D        | Killed a meat berserker
     6 | D        | Reached skill level 15 in Fighting
     6 | D        | Reached XP level 2. HP: 52/52 MP: 4/4
     6 | D        | Reached XP level 3. HP: 60/60 MP: 5/5
     6 | D        | Reached XP level 4. HP: 68/68 MP: 6/6
     6 | D        | Reached XP level 5. HP: 75/75 MP: 7/7
     6 | D        | Reached XP level 6. HP: 84/84 MP: 8/8
     6 | D        | Reached XP level 7. HP: 91/91 MP: 9/9
     6 | D        | Reached XP level 8. HP: 99/99 MP: 10/10
     6 | D        | Gained mutation: You passively map the area around you.
                  | [Deep Dwarf growth]
     6 | D        | Reached XP level 9. HP: 108/108 MP: 11/11
     6 | D        | Reached XP level 10. HP: 116/116 MP: 12/12
     6 | D        | Reached XP level 11. HP: 123/123 MP: 13/13
     6 | D        | Reached XP level 12. HP: 132/132 MP: 14/14
     6 | D        | Reached XP level 13. HP: 139/139 MP: 15/15
     6 | D        | Noticed a bag of meat
     7 | D        | Noticed a bag of meat
     7 | D        | Noticed a bag of meat
     8 | D        | Noticed a bag of meat
     8 | D        | Noticed a bag of meat
     9 | D        | Killed a bag of meat
     9 | D        | Reached * piety under Makhleb
     9 | D        | Noticed a bag of meat
    10 | D        | Noticed a bag of meat
    10 | D        | Killed a meat berserker
    10 | D        | Gained mutation: You resist negative energy. (rN+) [Deep
                  | Dwarf growth]
    10 | D        | Reached XP level 14. HP: 159/159 MP: 16/16
    10 | D        | Killed a bag of meat
    10 | D        | Reached XP level 15. HP: 169/169 MP: 17/17
    10 | D        | Noticed a meat berserker
    13 | D        | Reached ** piety under Makhleb
    18 | D        | Noticed a meat berserker
    18 | D        | Noticed a meat berserker
    19 | D        | Noticed a meat berserker
    20 | D        | Noticed a meat berserker
    20 | D        | Noticed a meat berserker
    21 | D        | Noticed a large bag of meat
    21 | D        | Noticed a meat berserker
    22 | D        | Noticed a large bag of meat
    23 | D        | Reached XP level 16. HP: 131/183 MP: 18/18
    23 | D        | Killed a meat berserker
    23 | D        | Reached *** piety under Makhleb
    24 | D        | Killed a meat berserker
    24 | D        | Reached skill level 27 in Axes
    24 | D        | Reached skill level 27 in Armour
    24 | D        | Reached skill level 27 in Dodging
    24 | D        | Reached XP level 17. HP: 207/207 MP: 19/19
    24 | D        | Reached skill level 27 in Fighting
    24 | D        | Killed a meat berserker
    24 | D        | Reached **** piety under Makhleb
    24 | D        | Reached skill level 27 in Invocations
    24 | D        | Reached skill level 1 in Throwing
    24 | D        | Reached skill level 5 in Spellcasting
    24 | D        | Gained mutation: You passively map a large area around you.
                  | [Deep Dwarf growth]
    24 | D        | Reached XP level 18. HP: 218/218 MP: 19/35
    25 | D        | Killed a large bag of meat
    25 | D        | Reached skill level 5 in Throwing
    25 | D        | Killed a meat berserker
    25 | D        | Reached XP level 19. HP: 226/226 MP: 19/46
    25 | D        | Noticed a destroyer
    26 | D        | Noticed a large bag of meat
    27 | D        | Noticed a destroyer
    28 | D        | Noticed a large bag of meat
    28 | D        | Reached ***** piety under Makhleb
    28 | D        | Reached skill level 27 in Spellcasting
    28 | D        | Reached skill level 15 in Throwing
    28 | D        | Noticed an eight-headed meat hydra
    29 | D        | Killed a meat berserker
    29 | D        | Reached XP level 20. HP: 236/236 MP: 20/51
    30 | D        | Killed a meat berserker
    30 | D        | Reached skill level 27 in Throwing
    31 | D        | Killed a destroyer
    31 | D        | Reached XP level 21. HP: 244/244 MP: 20/52
    31 | D        | Killed a large bag of meat
    31 | D        | Reached ****** piety under Makhleb
    31 | D        | Reached skill level 27 in Stealth
    32 | D        | Noticed a large bag of meat
    33 | D        | Noticed a destroyer
    33 | D        | Reached skill level 27 in Unarmed Combat
    34 | D        | Noticed a destroyer
    34 | D        | Noticed a destroyer
    34 | D        | HP: 9/244 [large bag of meat/+9 giant spiked club (106)]
    35 | D        | Reached XP level 22. HP: 102/254 MP: 21/53
    35 | D        | Killed a large bag of meat
    36 | D        | Killed a destroyer
    37 | D        | Noticed a destroyer
    38 | D        | Reached XP level 23. HP: 246/262 MP: 22/54
    38 | D        | Killed a destroyer
    38 | D        | Killed a destroyer
    40 | D        | Killed a large bag of meat
    40 | D        | Reached XP level 24. HP: 272/272 MP: 22/54
    40 | D        | Killed a large bag of meat
    41 | D        | Noticed a destroyer
    43 | D        | Reached XP level 25. HP: 280/280 MP: 23/54
    45 | D        | Killed a destroyer
    46 | D        | Killed a destroyer
    46 | D        | Reached XP level 26. HP: 290/290 MP: 24/54
    46 | D        | Noticed a destroyer
    46 | D        | Noticed a destroyer
    49 | D        | Reached XP level 27. HP: 298/298 MP: 25/54
    49 | D        | Noticed a large bag of meat
    50 | D        | Killed a destroyer
    52 | D        | Killed a destroyer
    52 | D        | Noticed a destroyer
    56 | D        | Noticed a tyrant
    57 | D        | Noticed a tyrant
    58 | D        | Noticed an accursed
    58 | D        | Killed a destroyer
    59 | D        | Killed a large bag of meat
    59 | D        | Killed a destroyer
    59 | D        | Noticed a meat beast
    62 | D        | Killed a meat beast
    67 | D        | Noticed a dread
    68 | D        | Killed an accursed
    70 | D        | Killed a tyrant
    72 | D        | Noticed a dread
    74 | D        | Killed a tyrant
    76 | D        | Noticed a tyrant
    77 | D        | Killed a dread
    79 | D        | Noticed a meat beast
    81 | D        | Noticed a large bag of meat
    84 | D        | Noticed a large bag of meat
    84 | D        | Killed a dread
    85 | D        | Killed a meat beast
    85 | D        | Noticed a meat beast
    85 | D        | Noticed a destroyer
    87 | D        | Noticed a tyrant
    89 | D        | Killed a large bag of meat
    89 | D        | Killed a tyrant
    92 | D        | Killed a meat beast
    93 | D        | Killed a large bag of meat
    93 | D        | Killed a destroyer
   100 | D        | HP: 13/298 [something (7)]
   100 | D        | Noticed a tyrant
   102 | D        | Killed from afar by a tyrant

Levels and vault maps discovered:
D:        meatsprint

Skill      XL: |  1  2  3  4  5  6  7  8  9 10 11 12 13 14 15 16 17 18 19 20 21 |
---------------+----------------------------------------------------------------+-----
Fighting       | 15 19 21 26 27 | 27.0
Axes           | 18 21 22 25 27 | 27.0
Armour         | 18 21 22 25 27 | 27.0
Dodging        | 18 21 22 25 27 | 27.0
Invocations    | 27 | 27.0
Throwing       | 1 7 24 27 | 27.0
Spellcasting   | 5 23 27 | 27.0
Stealth        | 25 27 | 27.0
Unarmed Combat | 18 27 | 27.0
Translocations | |  3.2

Action                   |  1- 3 |  4- 6 |  7- 9 | 10-12 | 13-15 | 16-18 | 19-21 | 22-24 | 25-27 || total
-------------------------+-------+-------+-------+-------+-------+-------+-------+-------+-------++-------
Melee: Executioner's axe |     1 |       |       |       |     5 |     2 |     6 |     6 |    46 ||    66
 Abil: Heal Wounds       |       |       |       |       |       |       |       |       |     6 ||     6
  Use: Scroll            |       |       |       |       |       |       |     1 |       |       ||     1
Dodge: Dodged            |       |       |       |       |     1 |       |     3 |       |     6 ||    10

Table legend:
 A = Non-vault XP
 B = Vault XP
 C = Vault XP percentage of total XP
 D = Non-vault monster count
 E = Vault monster count
 F = Vault count percentage of total count
                 A         B        C        D         E       F
            +---------+---------+-------+---------+---------+-------
      Total | 2267442 | 1034354 |  31.3 |      75 |      59 |  44.0
            +---------+---------+-------+---------+---------+-------
          D | 2267442 | 1034354 |  31.3 |      75 |      59 |  44.0
            +---------+---------+-------+---------+---------+-------
